 Dungeon Crawl Stone Soup version 0.29-a0-392-g297d3b089c (webtiles) character file.

Game seed: 11718185290716288559

1600 pokeman the Thaumaturge (level 8, -4/38 (44) HPs)
             Began as a Deep Elf Hedge Wizard on May 8, 2022.
             Was a Follower of Vehumet.
             Slain by a gnoll
             ... wielding a +0 flail
             ... led by a gnoll shaman
              (8 damage)
             ... on level 6 of the Dungeon.
             The game lasted 00:17:01 (6549 turns).

pokeman the Thaumaturge (Deep Elf Hedge Wizard)     Turns: 6549, Time: 00:17:01

HP:   -4/38 (44)    AC:  5    Str:  7    XL:     8   Next: 62%
MP:   28/33         EV: 12    Int: 22    God:    Vehumet [*.....]
Gold: 454           SH:  0    Dex: 20    Spells: 16/27 levels left

rFire   . . .      SeeInvis .   l - +0 dagger (venom)
rCold   . . .      Faith    .   (no shield)
rNeg    . . .      Spirit   .   e - +0 leather armour
rPois   .          Reflect  .   c - +0 hat
rElec   .          Harm     .   f - +0 cloak
rCorr   .          Rampage  .   r - +0 pair of gloves
Will    .....                   (no boots)
Stlth   +.........              (no amulet)
HPRegen 0.12/turn               i - +6 ring of dexterity
MPRegen 0.23/turn               n - ring of magical power

@: confused, heavily drained
A: no striking features
a: Renounce Religion


You were on level 6 of the Dungeon.
You worshipped Vehumet.
Vehumet was aware of your devotion.
You visited 2 branches of the dungeon, and saw 7 of its levels.

You collected 454 gold pieces.

Inventory:

Hand Weapons
 h - a +0 shortbow
 l - a +0 dagger of venom (weapon)
Armour
 c - a +0 hat (worn)
 e - a +0 leather armour (worn)
 f - a +0 cloak (worn)
 j - a +0 buckler
 r - a +0 pair of gloves (worn)
Jewellery
 i - a +6 ring of dexterity (left hand)
 n - a ring of magical power (right hand)
Wands
 m - a wand of iceblast (8)
 A - a wand of paralysis (9)
Scrolls
 a - a scroll of noise {unknown}
 g - 6 scrolls of identify {unknown}
 k - 2 scrolls of enchant weapon {unknown}
 p - a scroll of fear {unknown}
 q - a scroll of immolation {unknown}
 y - a scroll of torment {unknown}
Potions
 b - 4 potions of curing
 d - a potion of magic
 o - a potion of invisibility {unknown}
 s - a potion of attraction {unknown}
 t - 2 potions of heal wounds {unknown}
 u - a potion of resistance {unknown}
 v - 2 potions of might {unknown}
 w - a potion of cancellation {unknown}
 x - 2 potions of lignification {unknown}
 z - a potion of brilliance {unknown}


   Skills:
 - Level 2.1 Fighting
 - Level 2.2 Armour
 - Level 3.0 Dodging
 - Level 3.0 Stealth
 + Level 1.2 Shields
 * Level 10.1 Spellcasting
 + Level 5.3 Conjurations
 - Level 1.1 Summonings
 - Level 1.1 Translocations
 + Level 4.0 Fire Magic
 - Level 1.0 Air Magic
 - Level 1.1 Poison Magic
 - Level 1.1 Evocations


You had 16 spell levels left.
You knew the following spells:

 Your Spells              Type           Power      Damage    Failure   Level
a - Magic Dart            Conj           100%       1d8       1%          1
b - Mephitic Cloud        Conj/Pois/Air  22%        N/A       10%         3
c - Call Imp              Summ           15%        N/A       9%          2
d - Blink                 Tloc           30%        N/A       9%          2
e - Conjure Flame         Conj/Fire      31%        6-21      3%          3

Your spell library contained the following spells:

 Spells                   Type           Power      Damage    Failure   Level
 Foxfire                  Conj/Fire      100%       2x1d9     1%          1
 Apportation              Tloc           30%        N/A       5%          1
 Slow                     Hex            44%        N/A       9%          1
 Corpse Rot               Necr/Air       26%        N/A       11%         2
 Call Canine Familiar     Summ           15%        N/A       17%         3
 Portal Projectile        Hex/Tloc       26%        N/A       22%         3
 Dispel Undead            Necr           11%        3d9       65%         4
 Leda's Liquefaction      Hex/Erth       5%         N/A       65%         4
 Alistair's Intoxication  Tmut/Pois      8%         N/A       88%         5
 Death Channel            Necr           5%         N/A       100%        6


Dungeon Overview and Level Annotations

Branches:
Dungeon (6/15)             Temple (1/1) D:5

Altars:
Dithmenos
Elyvilon
Fedhas
Gozag
Hepliaklqana
Kikubaaqudgha
Makhleb
Nemelex Xobeh
Qazlal
Sif Muna
Trog
Uskayaw
Vehumet
Xom
Yredelemnul
Zin
The Shining One

Shops:
D:2 (


Message History

The gnoll is engulfed in noxious fumes.
The gnoll appears confused.
The gnoll misses you.
The gnoll hits you with a +0 whip of draining.
You feel drained. The gnoll closely misses you.
Unknown command.
You bump into the rock wall.
You are engulfed in noxious fumes.
You choke on the stench!
You are more confused.
The gnoll is engulfed in noxious fumes.
The gnoll appears confused.
The gnoll hits the gnoll with a +0 flail.
The gnoll barely misses you. x2
You bump into the rock wall.
You are engulfed in noxious fumes.
You choke on the stench!
You are more confused.
The gnoll hits you but does no damage.
You feel drained.
The gnoll hits you from afar with a +0 spear.
You hit the gnoll but do no damage.
The gnoll is poisoned.
The gnoll is heavily wounded.
You are engulfed in noxious fumes.
You choke on the stench!
You are more confused.
The gnoll is engulfed in noxious fumes.
The gnoll appears confused.
The gnoll hits you with a +0 whip of draining!
You feel drained.
* * * LOW HITPOINT WARNING * * *
The gnoll misses you. The gnoll attacks as you move away!
The gnoll hits you with a +0 whip of draining.
* * * LOW HITPOINT WARNING * * *
You feel drained.
You are engulfed in noxious fumes.
You choke on the stench!
You are more confused.
Unknown command.
You bump into the rock wall.
You are engulfed in noxious fumes.
You choke on the stench!
You are more confused.
The gnoll barely misses you.
The gnoll hits you from afar with a +0 spear.
* * * LOW HITPOINT WARNING * * *
Unknown command.
You're too confused to move!
The gnoll hits you with a +0 flail!
You die...

....... ..... ... #'#
######.# #...##)#
###.##g########## ###
### #.#gg..........
#.###.###..@...########
#......>#.#...##
#####.#.#.##...##
#.....#.....#
###.........#
#####.....# ##...##
#.### #.#######


You could see 3 gnolls.

Vanquished Creatures
  The ghost of Foxy the Chopper, a novice PaBe of Trog (D:5)
  Sigmund (D:5)
  Eustachio (D:5)
  An orc warrior (D:5)
  A black bear (D:5)
  An ogre (D:5)
  A bullfrog (D:6)
  A necrophage (D:5)
  A scorpion (D:5)
  4 hounds
  An orc priest (D:5)
  A jelly (D:5)
  A gnoll shaman (D:6)
  2 iguanas (D:5)
  2 orc wizards (D:4)
  5 gnolls
  7 adders
  A white imp (D:6)
  An ufetubus (D:5)
  3 worms
  A dart slug (D:1)
  17 orcs
  8 endoplasms
  3 giant cockroaches
  10 goblins
  5 hobgoblins
  A jackal (D:2)
  7 quokkas
  2 ball pythons
  6 bats
  5 frilled lizards
  18 kobolds
  8 rats
128 creatures vanquished.

Vanquished Creatures (collateral kills)
  An endoplasm (D:2)
1 creature vanquished.

Grand Total: 129 creatures vanquished

Notes
Turn   | Place    | Note
-------+----------+-------------------------------------------
     0 | D:1      | pokeman the Deep Elf Hedge Wizard began the quest for the
                  | Orb.
     0 | D:1      | Reached XP level 1. HP: 10/10 MP: 7/7
   420 | D:1      | Reached XP level 2. HP: 10/16 MP: 3/9
   975 | D:1      | Reached skill level 5 in Spellcasting
  1297 | D:2      | Reached XP level 3. HP: 20/20 MP: 8/11
  1301 | D:2      | Learned a level 3 spell: Mephitic Cloud
  1304 | D:2      | Learned a level 2 spell: Call Imp
  1307 | D:2      | Learned a level 2 spell: Blink
  1311 | D:2      | Learned a level 3 spell: Conjure Flame
  1586 | D:2      | Reached skill level 1 in Armour
  1714 | D:2      | Reached skill level 1 in Fighting
  2114 | D:2      | Reached XP level 4. HP: 25/25 MP: 13/13
  2476 | D:2      | Found Echeuf's Weapon Shoppe.
  2557 | D:3      | Found a large runed translucent door.
  2557 | D:3      | Found a large runed translucent door.
  3273 | D:3      | Found a shimmering altar of Xom.
  3467 | D:4      | Reached skill level 6 in Spellcasting
  3486 | D:4      | HP: 1/25 [poisoned by an orc wizard]
  3490 | D:4      | Reached skill level 1 in Shields
  3490 | D:4      | Reached XP level 5. HP: 10/29 MP: 5/15
  3979 | D:4      | Reached skill level 1 in Fire Magic
  4544 | D:5      | Entered Level 5 of the Dungeon
  4658 | D:5      | Reached XP level 6. HP: 34/34 MP: 17/17
  4778 | D:5      | Reached skill level 1 in Air Magic
  4906 | D:5      | Reached skill level 7 in Spellcasting
  4906 | D:5      | Reached skill level 1 in Evocations
  5040 | D:5      | Found a staircase to the Ecumenical Temple.
  5051 | Temple   | Entered the Ecumenical Temple
  5100 | Temple   | Became a worshipper of Vehumet
  5168 | D:5      | Reached skill level 1 in Poison Magic
  5270 | D:5      | Reached XP level 7. HP: 37/38 MP: 20/20
  5303 | D:5      | Noticed Eustachio
  5315 | D:5      | Killed Eustachio
  5316 | D:5      | Reached skill level 8 in Spellcasting
  5436 | D:5      | Found a runed translucent door.
  5436 | D:5      | Noticed Foxy's ghost (novice PaBe)
  5475 | D:5      | Noticed Sigmund
  5492 | D:5      | Killed Sigmund
  5877 | D:5      | Reached XP level 8. HP: 44/44 MP: 22/22
  5943 | D:5      | Reached skill level 9 in Spellcasting
  6228 | D:5      | Killed Foxy's ghost
  6229 | D:5      | Reached skill level 5 in Conjurations
  6377 | D:6      | Reached skill level 10 in Spellcasting
  6538 | D:6      | Reached * piety under Vehumet
  6538 | D:6      | Offered knowledge of Foxfire by Vehumet.
  6549 | D:6      | Slain by a gnoll

Illustrated notes

Levels and vault maps discovered:
D:1:      matt_arrival_refuge, layout_rooms, minmay_misc_feat_doors
D:2:      layout_basic, serial_aquarium, aquarium_bridge_straight
          [aquarium_subvault_bridge, aquarium_subvault_wall,
          aquarium_subvault_bridge, aquarium_subvault_wall],
          aquarium_bridge_island_large [aquarium_subvault_large_open,
          aquarium_subvault_window, aquarium_subvault_bridge,
          aquarium_subvault_wall, aquarium_subvault_bridge], aquarium_window_1,
          aquarium_window_1, aquarium_view_2e, aquarium_balcony_3b,
          aquarium_pool_1, serial_shops, nicolae_shop_stone,
          minmay_fractal_squares_gapless_5
D:3:      due_chaos_kobolds, layout_loops_ring
D:4:      layout_basic
D:5:      layout_basic, temple_pool_b, ebering_ghost_reflecting_pool,
          kennysheep_path_1, uniq_sigmund, uniq_eustachio
D:6:      layout_loops_corners, amethyst_overflow_temple_binary
Temple:   compressed_dpeg_circular_temple

Skill      XL: |  1  2  3  4  5  6  7  8 |
---------------+-------------------------+-----
Spellcasting   | 5 6 7 8 10 | 10.1
Armour         | 1 2 |  2.2
Fighting       | 1 2 |  2.1
Conjurations   | 2 3 4 5 |  5.3
Dodging        | 3 |  3.0
Shields        | 1 |  1.2
Fire Magic     | 1 2 4 |  4.0
Stealth        | 3 |  3.0
Air Magic      | 1 |  1.0
Evocations     | 1 |  1.1
Poison Magic   | 1 |  1.1
Summonings     | |  1.1
Translocations | |  1.1

Action                   |  1- 3 |  4- 6 |  7- 9 || total
-------------------------+-------+-------+-------++-------
Melee: Dagger            |     6 |    34 |    33 ||    73
       Punch             |       |     2 |       ||     2
 Cast: Magic Dart        |   102 |   152 |    29 ||   283
       Mephitic Cloud    |     2 |     5 |     8 ||    15
       Conjure Flame     |       |     4 |     9 ||    13
       Call Imp          |       |     1 |     3 ||     4
  Use: Potion            |       |     2 |       ||     2
 Stab: Confused          |     1 |     2 |     1 ||     4
       Sleeping          |     1 |       |       ||     1
Armor: Leather armour    |     2 |    12 |     2 ||    16
Dodge: Dodged            |    12 |    24 |    25 ||    61

Table legend: (Time is in decaauts)
 A = Elapsed time spent in this place.
 B = Non-inter-level travel time spent in this place.
 C = Inter-level travel time spent in this place.
 D = Time resting spent in this place.
 E = Time spent auto-exploring this place.
 F = Levels seen in this place.
 G = Mean time per level.
                   A        B        C        D        E       F      G
               +--------+--------+--------+--------+--------+-----+--------+
         Total |   6558 |   6419 |    139 |    108 |   5409 |   7 |  936.9 |
       Dungeon |   6467 |   6369 |     98 |    108 |   5377 |   6 | 1077.8 |
        Temple |     91 |     50 |     41 |      0 |     32 |   1 |   91.0 |
               +--------+--------+--------+--------+--------+-----+--------+

Top non-repeatable levels by time:
     D:5: 1676 daAuts
     D:1: 1293 daAuts
     D:2: 1228 daAuts
     D:4: 1189 daAuts
     D:3: 838 daAuts
     D:6: 240 daAuts
  Temple: 91 daAuts
